 Dungeon Crawl Stone Soup version 0.13.2 (webtiles) character file.

79580 zdzicho121 the Eclecticist (level 15, -10/77 HPs)
             Began as a Gargoyle Earth Elementalist on Jan 1, 2024.
             Was the Champion of Makhleb.
             Killed from afar by an antique lich (29 damage)
             ... with a crystal spear
             ... in a wizard's laboratory on Jan 2, 2024.
             The game lasted 02:20:17 (41582 turns).

zdzicho121 the Eclecticist (GrEE)                  Turns: 41582, Time: 02:20:18

HP -10/77        AC 27     Str 21      XL: 15   Next: 60%
MP  19/38        EV 18     Int 26      God: Makhleb [******]
Gold 970         SH 11     Dex 15      Spells:  5 memorised, 35 levels left

Res.Fire  : . . .   See Invis. : .   s - staff of summoning (curse)
Res.Cold  : . . .   Warding    : +   d - +2 robe {MR+}
Life Prot.: + + .   Conserve   : .   j - +0 buckler {AC+3}
Res.Poison: +       Res.Corr.  : .   P - -1 helmet
Res.Elec. : +       Clarity    : .   f - +2 elf cloak {rPois}
Sust.Abil.: . .     Spirit.Shd : .   u - +2 pair of gloves {Str+3}
Res.Mut.  : .       Stasis     : .   D - +2 pair of dwarf boots
Res.Rott. : +       Flight     : .   X - amulet of warding
Saprovore : . . .                    y - +6,+5 ring of slaying
                                     Y - +5 ring of strength

@: about to teleport, brilliant, agile, very slightly contaminated, hasted, very
quick, quite resistant to hostile enchantments, very stealthy
A: large and strong wings, fangs 1, talons 2, life protection 1, electricity
resistance, slow metabolism 1, unbreathing, petrification resistance, AC +11
a: Fly, Minor Destruction, Lesser Servant of Makhleb, Major Destruction, Greater
Servant of Makhleb, Renounce Religion


You were in a wizard's laboratory.
You worshipped Makhleb.
Makhleb was exalted by your worship.
You were full.

You visited 5 branches of the dungeon, and saw 26 of its levels.
You visited 1 bazaar.
You also visited: Wizlab.

You collected 2845 gold pieces.
You spent 1895 gold pieces at shops.

Inventory:

Hand weapons
 a - a +0,+0 orcish dagger (quivered)
Armour
 d - a +2 robe of magic resistance (worn)
 f - a +2 elven cloak of poison resistance (worn)
 j - a +0 buckler of protection (worn)
 u - a +2 pair of gloves of strength (worn)
 D - a +2 pair of dwarven boots (worn)
 P - a -1 helmet (worn)
Magical devices
 m - a wand of magic darts (13)
 I - a wand of cold (3)
 K - a wand of cold (3)
 L - a wand of digging (11)
 S - a wand of paralysis (7)
 U - a wand of disintegration (8)
Comestibles
 i - 12 bread rations
 r - 10 honeycombs
 E - 3 meat rations
 F - a royal jelly
Scrolls
 e - 7 scrolls of magic mapping
 g - 3 scrolls of blinking
 h - 2 scrolls of identify
 k - 2 scrolls of fog
 n - 9 scrolls of remove curse
 o - 15 scrolls of teleportation
 p - 4 scrolls of fear
 q - a scroll of amnesia
 x - 5 scrolls of recharging
 V - 3 scrolls of enchant armour
Jewellery
 t - an uncursed ring of protection from cold
 w - an uncursed ring of see invisible
 y - a +6,+5 ring of slaying (right hand)
 X - an amulet of warding (around neck)
 Y - a +5 ring of strength (left hand)
Potions
 v - 2 potions of might
 z - 10 potions of curing
 A - 2 potions of restore abilities
 B - a potion of speed
 C - a potion of magic
 Q - a potion of cure mutation
 T - a potion of brilliance
Books
 N - a book of Annihilations {highlevel}

   This book is beyond your current level of understanding.

   Spells                             Type                      Level
   Poison Arrow                       Conjuration/Poison           6
   Orb of Destruction                 Conjuration                  7
   Chain Lightning                    Conjuration/Air              8
   Lehudib's Crystal Spear            Conjuration/Earth            8
   Ice Storm                          Conjuration/Ice              9
   Fire Storm                         Conjuration/Fire             9
Magical staves
 s - a cursed staff of summoning (weapon)


   Skills:
 - Level 4.0 Fighting
 - Level 3.0 Dodging
 - Level 3.6 Stealth
 - Level 5.0 Shields
 + Level 19.1 Spellcasting
 + Level 0.1 Hexes
   Level 0.7 Transmutations
 - Level 15.1 Earth Magic
 - Level 4.3 Poison Magic
 * Level 2.7 Invocations
 - Level 1.0 Evocations


You had 35 spell levels left.
You knew the following spells:

 Your Spells              Type           Power        Failure   Level  Hunger
a - Sandblast             Erth           ######       0%          1    None
b - Stone Arrow           Conj/Erth      ######       1%          3    None
c - Lee's Rapid Deconstr  Erth           #######...   1%          5    None
d - Olgreb's Toxic Radia  Pois           ######..     1%          4    None
e - Leda's Liquefaction   Hex/Erth       ######....   1%          4    None


Dungeon Overview and Level Annotations

Branches:
Dungeon (11/27)            Temple (1/1) D:5             Orc (4/4) D:9
    Elf (2/3) Orc:4          Lair (8/8) D:11          Swamp (0/5) Lair:6
 Spider (0/5) Lair:4        Slime (0/6) Lair:8

Altars:
Ashenzari
Cheibriados
Elyvilon
Fedhas
Kikubaaqudgha
Makhleb
Nemelex Xobeh
Okawaru
Sif Muna
Trog
Vehumet
Xom
Yredelemnul
Zin
the Shining One
Beogh
Jiyva

Shops:
D:5 *   D:8 (   D:9 ?   Orc:1 [**[


Innate Abilities, Weirdness & Mutations

You are resistant to torment.
You are immune to poison.
You can fly continuously.
Your stone body is very resilient (AC +11).
Your wings are large and strong.
You have very sharp teeth.
You have razor-sharp toenails.
You resist negative energy.
You are resistant to electric shocks.
You have a slow metabolism.
You can survive without breathing.
You are immune to petrification.


Message History

The blast of rock fragments hits the antique lich.
The antique lich is heavily damaged.
The antique lich touches you but does no damage.
Casting: Lee's Rapid Deconstruction
Confirm with . or Enter, or press ? or * to list all spells.
Aiming: Lee's Rapid Deconstruction
Press: ? - help, Dir - move target cursor That beam is likely to hit you.
Continue anyway?
The wall shatters!
The blast of rock fragments hits the antique lich.
The antique lich is heavily damaged.
The antique lich gestures at you while chanting.
The shard of ice hits you!
Ouch! That really hurt!
* * * LOW HITPOINT WARNING * * *
As you read the scroll of teleportation, it crumbles to dust.
You feel strangely unstable.
The antique lich points at you and mumbles some strange words.
The crystal spear hits you!
You die...

##..♣...♣.♣......♣.##
##.♣.................##
##.....................##
#.........z.z..z.z....♣♣♣ ###
#......)#########......♣♣# #.#
#♣♣......# #......♣♣# ##.
#♣♣...z.## ##......## ##
#♣...### ##+## ###....♣# #
##♣...# #..@# #....♣# #♣....#
###L..### #....♣# #♣♣...#
#.......# #.....## ##♣..z#
#...8...####.).♣#.## # #♣....#
.+.......'..#....##.###
##♣.).#..###...###..#....###.#)
#....#....#...#....#.)..####.#
#♣...###..#####..###....♣# ###
#......##...#...##.)....##


You could see an antique lich.

Vanquished Creatures
  5 hydras
  Josephine (D:11)
  6 death yaks
  3 deep elf knights (Elf:1)
  6 skeletal warriors (WizLab)
  3 hill giants
  An unseen horror (D:11)
  An ice statue (D:11)
  3 orc knights
  5 deep elf conjurers (Elf:1)
  2 griffons
  A wolf spider (Lair:4)
  An orc sorcerer (Orc:4)
  2 oklob plants
  25 elephants
  4 black mambas
  A spriggan druid (Lair:8)
  A deep elf summoner (Elf:1)
  A spiny worm (Lair:6)
  4 fire drakes
  4 spiny frogs
  A queen bee (Lair:7)
  2 deep elf priests
  3 trolls
  A giant firefly (Lair:8)
  3 komodo dragons
  2 giant leeches (Lair:6)
  9 spriggans (Lair:8)
  6 slime creatures
  2 boulder beetles
  17 blink frogs
  3 basilisks
  4 grizzly bears (Lair:8)
  A trapdoor spider (D:11)
  2 wyverns
  5 deep elf magi (Elf:1)
  5 deep elf fighters (Elf:1)
  Eustachio (D:6)
  A hill giant skeleton (D:9)
  3 ugly things
  A steam dragon (D:11)
  2 hungry ghosts
  37 yaks
  7 hippogriffs
  Menkaure (D:4)
  43 wolves
  2 orange crystal statues (D:11)
  2 necrophages
  6 ice beasts
  8 porcupines
  2 sky beasts
  24 orc warriors
  A hydra simulacrum (D:11)
  9 ogres
  9 black bears
  A phantom (D:9)
  3 giant goldfish
  7 centaurs
  13 crocodiles
  A boring beetle (Lair:7)
  Duvessa (D:7)
  5 water moccasins
  9 giant slugs
  Blork the orc (D:6)
  A wyvern zombie (D:11)
  2 komodo dragon skeletons
  18 wargs
  19 agate snails
  22 giant frogs
  9 wights (D:11)
  28 killer bees
  An electric eel (Bazaar)
  Dowan (D:7)
  A goliath beetle (D:11)
  A scorpion (Lair:4)
  13 hounds
  A centaur zombie (D:8)
  6 crimson imps
  A basilisk zombie (D:8)
  26 orc priests
  2 giant frog skeletons
  8 iguanas
  24 orc wizards
  3 jellies
  12 sheep
  12 worker ants
  A shapeshifter simulacrum (D:11)
  A mottled dragon skeleton (D:11)
  48 green rats
  17 adders
  4 giant centipedes
  7 gnolls
  4 giant mites
  7 worms
  A goliath beetle zombie (D:8)
  An inept feature mimic (D:7)
  An adder skeleton (D:5)
  A grey rat (D:6)
  6 giant geckos
  6 oozes
  231 orcs
  2 ball pythons (D:2)
  21 bats
  17 goblins
  21 hobgoblins
  15 human zombies (WizLab)
  27 jackals
  11 quokkas
  7 giant cockroaches
  A giant gecko zombie (D:6)
  10 giant newts
  A hobgoblin skeleton (D:4)
  A hobgoblin zombie (D:5)
  13 kobolds
  A kobold skeleton (D:5)
  2 orc zombies (Orc:4)
  18 rats
  6 ballistomycetes
1067 creatures vanquished.

Vanquished Creatures (collateral kills)
  2 skeletal warriors (WizLab)
  A human zombie (WizLab)
3 creatures vanquished.

Vanquished Creatures (others)
  A skeletal warrior (WizLab)
  7 orcs
  2 giant spores
  8 fungi
  3 plants
21 creatures vanquished.

Grand Total: 1091 creatures vanquished

Notes
Turn   | Place    | Note
--------------------------------------------------------------
     0 | D:1      | zdzicho121, the Gargoyle Earth Elementalist, began the quest for the Orb.
     0 | D:1      | Reached XP level 1. HP: 10/10 MP: 3/3
   115 | D:1      | Reached skill level 4 in Earth Magic
   169 | D:1      | Reached XP level 2. HP: 15/15 MP: 1/4
   618 | D:1      | Reached XP level 3. HP: 19/19 MP: 0/6
  1095 | D:2      | Found a viscous altar of Jiyva.
  1337 | D:2      | Reached XP level 4. HP: 24/24 MP: 2/7
  1464 | D:2      | Reached skill level 5 in Earth Magic
  2277 | D:3      | Learned a level 3 spell: Stone Arrow
  2710 | D:3      | Reached XP level 5. HP: 23/28 MP: 1/10
  3585 | D:4      | Noticed Menkaure
  3596 | D:4      | Killed Menkaure
  3596 | D:4      | Reached skill level 6 in Earth Magic
  3596 | D:4      | Reached XP level 6. HP: 26/32 MP: 4/13
  3903 | D:4      | Found a glowing golden altar of the Shining One.
  3910 | D:4      | Learned a level 5 spell: Lee's Rapid Deconstruction
  3971 | D:4      | Found a white marble altar of Elyvilon.
  4457 | D:3      | Found a snail-covered altar of Cheibriados.
  4473 | D:5      | Entered Level 5 of the Dungeon
  4486 | D:5      | Reached XP level 7. HP: 16/36 MP: 5/16
  4799 | D:5      | Found a staircase to the Ecumenical Temple.
  4922 | D:5      | Reached skill level 7 in Earth Magic
  5026 | Temple   | Entered the Ecumenical Temple
  5284 | Temple   | Became a worshipper of Makhleb the Destroyer
  5527 | D:5      | Found Zonevoca's Assorted Antiques.
  5531 | D:5      | Reached skill level 5 in Spellcasting
  5563 | D:5      | Reached XP level 8. HP: 41/41 MP: 13/19
  5565 | D:5      | Bought 3 scrolls of identify for 156 gold pieces
  5575 | D:5      | Bought a scroll labeled TOONECA DUNWA for 26 gold pieces
  5575 | D:5      | Bought a scroll labeled LUNASU PNISHUD for 26 gold pieces
  5580 | D:5      | Bought a scroll labeled QECKOH PECAK for 26 gold pieces
  5701 | D:5      | Reached skill level 8 in Earth Magic
  5803 | D:6      | Reached skill level 1 in Shields
  5834 | D:6      | Noticed Blork the orc
  5840 | D:6      | Killed Blork the orc
  5872 | D:6      | Found a shattered altar of Ashenzari.
  6250 | D:6      | Noticed Eustachio
  6260 | D:6      | Killed Eustachio
  6260 | D:6      | Acquired Makhleb's first power
  6344 | D:6      | Reached skill level 1 in Fighting
  6344 | D:6      | Reached skill level 9 in Earth Magic
  6363 | D:6      | Reached XP level 9. HP: 41/46 MP: 11/22
  6946 | D:7      | Got a fine leather armour
  6965 | D:7      | Identified the +0 leather armour of Psusk {+Inv +Fly rN+} (You found it on level 7 of the Dungeon)
  7291 | D:7      | Noticed Dowan
  7682 | D:8      | Found Wehu's Weapon Shoppe.
  7723 | D:8      | Acquired Makhleb's second power
  7746 | D:8      | Reached skill level 10 in Earth Magic
  7948 | D:8      | Noticed an orc knight
  7948 | D:8      | Noticed an orc knight
  8604 | D:9      | Found Mni Fiud's Magic Scroll Shop.
  8624 | D:9      | Bought a scroll of blinking for 71 gold pieces
  8624 | D:9      | Bought a scroll of fear for 45 gold pieces
  8689 | D:9      | Reached XP level 10. HP: 54/54 MP: 11/25
  8785 | D:9      | Got a thick robe
  8791 | D:9      | Identified the +2 robe of the Doldrums {-Tele +Inv rC+ MR+ Int+3} (You found it on level 9 of the Dungeon)
  9157 | D:9      | Reached skill level 5 in Shields
  9244 | D:9      | Got a shimmering robe
  9321 | D:9      | Identified the +2 robe of Schemnu {Str+2 Dex+4} (You found it on level 9 of the Dungeon)
  9563 | D:9      | Acquired Makhleb's third power
  9931 | D:9      | Found a staircase to the Orcish Mines.
 10080 | D:10     | Entered Level 10 of the Dungeon
 10103 | D:10     | Reached skill level 11 in Earth Magic
 10779 | D:10     | Noticed a hill giant
 10787 | D:10     | Killed a hill giant
 11247 | D:11     | Found a staircase to the Lair.
 11258 | D:10     | Reached skill level 12 in Earth Magic
 11837 | D:11     | Noticed Josephine
 11986 | D:10     | Acquired Makhleb's fourth power
 12133 | D:11     | Killed Josephine
 12133 | D:11     | Reached XP level 11. HP: 33/58 MP: 6/28
 12655 | D:11     | Reached skill level 10 in Spellcasting
 12968 | D:11     | Reached skill level 13 in Earth Magic
 13622 | D:11     | Noticed a hill giant
 13629 | D:11     | Killed a hill giant
 13842 | D:11     | Noticed an ice statue
 13845 | D:11     | Killed an ice statue
 14003 | D:11     | Killed an unseen horror
 14246 | D:11     | Noticed a hill giant
 14251 | D:11     | Killed a hill giant
 14385 | D:11     | Reached skill level 14 in Earth Magic
 14386 | D:11     | Acquired Makhleb's fifth power
 15140 | Orc:1    | Entered Level 1 of the Orcish Mines
 15140 | Orc:1    | Found Shayn's Armour Boutique.
 15219 | Orc:1    | Found Ugira's Assorted Antiques.
 15221 | Orc:1    | Reached XP level 12. HP: 64/64 MP: 20/30
 15234 | Orc:1    | Found Ghozom's General Store.
 16126 | Orc:1    | Found Ghuypt's Armour Boutique.
 17255 | Orc:2    | Found a deep blue altar of Sif Muna.
 18255 | Orc:3    | Found a roughly hewn altar of Beogh.
 18577 | Orc:4    | Entered Level 4 of the Orcish Mines
 18608 | Orc:4    | Found a staircase to the Elven Halls.
 18793 | Orc:4    | Noticed an orc warlord
 19476 | Orc:4    | Reached skill level 15 in Earth Magic
 19476 | Orc:4    | Reached skill level 1 in Evocations
 20082 | D:8      | Killed an orc knight
 20513 | D:8      | Killed an orc knight
 20785 | D:8      | Noticed a griffon
 21008 | D:8      | Killed a griffon
 21772 | D:7      | Noticed Duvessa
 21775 | D:7      | Killed Duvessa
 21790 | D:7      | Killed Dowan
 22232 | Lair:1   | Entered Level 1 of the Lair of Beasts
 22715 | Lair:1   | Reached XP level 13. HP: 47/68 MP: 33/33
 23272 | Lair:2   | Learned a level 4 spell: Olgreb's Toxic Radiance
 23607 | Lair:2   | Reached skill level 1 in Poison Magic
 25947 | Lair:4   | Found a hole to the Spider Nest.
 27733 | Lair:4   | Reached skill level 15 in Spellcasting
 28951 | Lair:5   | Got a brightly glowing leather armour
 28969 | Lair:4   | Identified the cursed -2 leather armour of the Equator {Str+3 Int+2} (You found it on level 5 of the Lair of Beasts)
 30362 | Lair:5   | Gained mutation: Your wings are large and strong. [gargoyle growth]
 30362 | Lair:5   | Reached XP level 14. HP: 70/73 MP: 17/35
 31138 | Orc:1    | Bought a +2 pair of gloves of strength for 221 gold pieces
 31486 | Lair:6   | Reached skill level 16 in Spellcasting
 33904 | Lair:6   | Found a staircase to the Swamp.
 35008 | Lair:7   | Reached skill level 17 in Spellcasting
 35420 | Lair:8   | Entered Level 8 of the Lair of Beasts
 35420 | Lair:8   | Found a staircase to the Slime Pits.
 37150 | Lair:8   | Reached skill level 18 in Spellcasting
 37150 | Lair:8   | Reached XP level 15. HP: 77/77 MP: 25/38
 38344 | Lair:8   | HP: 1/77 [boulder beetle (28)]
 39154 | Elf:1    | Entered Level 1 of the Elven Halls
 39174 | Elf:1    | Found a flickering gateway to a bazaar.
 39190 | Bazaar   | Entered a bazaar
 39190 | Bazaar   | Found Suanlaaz's General Store.
 39190 | Bazaar   | Found Kuxu's Magical Wand Boutique.
 39253 | Bazaar   | Found Xamm's Antique Armour Emporium.
 39320 | Bazaar   | Found Sapsop's Antique Weapon Emporium.
 39333 | Bazaar   | Found Owey's Magic Scroll Shop.
 39383 | Bazaar   | Bought a scroll of identify for 24 gold pieces
 39383 | Bazaar   | Bought a scroll of teleportation for 36 gold pieces
 39383 | Bazaar   | Bought a scroll of recharging for 66 gold pieces
 39383 | Bazaar   | Bought a scroll of teleportation for 36 gold pieces
 39406 | Bazaar   | Bought a wand of digging (14) for 432 gold pieces
 39415 | Bazaar   | Bought a book of Hinderance for 200 gold pieces
 39415 | Bazaar   | Bought 2 scrolls of teleportation for 60 gold pieces
 39415 | Bazaar   | Bought a potion of brilliance for 25 gold pieces
 39427 | Bazaar   | Bought a smoking leather armour for 175 gold pieces
 39444 | Bazaar   | Identified the +3 leather armour of the Hall of Blades {Str+2 Acc+6} (You bought it in a shop in a bazaar)
 39486 | Bazaar   | Learned a level 4 spell: Leda's Liquefaction
 39680 | Orc:1    | Bought a +2 elven cloak of poison resistance for 270 gold pieces
 39859 | Elf:1    | Reached skill level 1 in Invocations
 40852 | Elf:2    | Found a magical portal.
 40859 | WizLab   | Entered a wizard's laboratory
 41186 | WizLab   | Reached skill level 19 in Spellcasting
 41573 | WizLab   | Noticed an antique lich
 41582 | WizLab   | Killed from afar by an antique lich

Action                   |  1- 3 |  4- 6 |  7- 9 | 10-12 | 13-15 || total
-------------------------+-------+-------+-------+-------+-------++-------
Melee: Unarmed           |     6 |       |       |       |       ||     6
       Dagger            |    42 |    34 |    79 |   523 |   798 ||  1476
       Staff             |       |       |       |       |   142 ||   142
 Cast: Sandblast         |    67 |   105 |   176 |   126 |     3 ||   477
       Stone Arrow       |       |       |    37 |   407 |   680 ||  1124
       Lee's Rapid Decon |       |       |     1 |    56 |    64 ||   121
       Olgreb's Toxic Ra |       |       |       |       |    85 ||    85
       Leda's Liquefacti |       |       |       |       |     2 ||     2
 Abil: Fly               |       |       |       |       |     1 ||     1
       Stop Flying       |       |       |       |       |     1 ||     1
Evoke: Wand              |       |     1 |     2 |     6 |    24 ||    33
  Use: Scroll            |       |     9 |    16 |     7 |    18 ||    50
       Potion            |       |       |       |       |     8 ||     8
 Stab: Sleeping          |     1 |       |       |     2 |     6 ||     9
       Distracted        |       |       |       |     2 |     1 ||     3
